 Dungeon Crawl Stone Soup version 0.30-a0-913-g9934a0ce24 (webtiles) character file.

Game seed: 13401365464345954365

2567 cforsyth the Trooper (level 9, 0/72 HPs)
             Began as a Human Fighter on Mar 20, 2023.
             Was a Believer of Okawaru.
             Slain by a two-headed ogre
             ... wielding a +0 giant spiked club
              (8 damage)
             ... on level 7 of the Dungeon.
             The game lasted 00:08:26 (7309 turns).

cforsyth the Trooper (Human Fighter)                Turns: 7309, Time: 00:08:27

Health: 0/72       AC: 18    Str: 21    XL:     9   Next: 87%
Magic:  0/9        EV:  6    Int:  8    God:    Okawaru [**....]
Gold:   404        SH:  5    Dex: 13    Spells: 8/8 levels left

rFire   + . .      SeeInvis .    i - +4 mace
rCold   . . .      Faith    .    c - +0 buckler
rNeg    . . .      Spirit   +    r - +0 plate armour
rPois   .          Reflect  .    (no helmet)
rElec   .          Rampage  .    q - +0 cloak
rCorr   .                        A - +1 Delatra's gloves {ID++}
Will    .....                    u - +0 pair of boots Stlth
                                 E - amulet of guardian spirit
HPRegen 0.32/turn                k - ring of flight
MPRegen 0.11/turn                y - ring of protection from fire

@: mighty, flying, mesmerised
A: no striking features
a: Renounce Religion, Heroism


You were on level 7 of the Dungeon.
You worshipped Okawaru.
Okawaru was pleased with you.
You visited 2 branches of the dungeon, and saw 8 of its levels.

You collected 404 gold pieces.

Inventory:

Hand Weapons
 a - a +0 flail
 i - a +4 mace (weapon)
Missiles
 z - a throwing net (quivered)
Armour
 c - a +0 buckler (worn)
 q - a +0 cloak (worn)
 r - a +0 plate armour (worn)
 u - a +0 pair of boots (worn)
 A - the +1 Delatra's gloves (worn) {ID++}
   (You found it on level 5 of the Dungeon)

   ID++:      It heals its wearer when they drink unknown potions, and restores
   their MP when they read unknown scrolls.
Jewellery
 k - a ring of flight (left hand)
 y - a ring of protection from fire (right hand)
 E - an amulet of guardian spirit (around neck)
Scrolls
 b - a scroll of noise {unknown}
 e - 3 scrolls of immolation {unknown}
 f - 3 scrolls of teleportation {unknown}
 g - 2 scrolls of poison {unknown}
 h - 3 scrolls of vulnerability {unknown}
 l - a scroll of enchant armour {unknown}
 m - 2 scrolls of fear {unknown}
 n - 2 scrolls of blinking {unknown}
 p - 12 scrolls of identify {unknown}
 s - 2 scrolls of magic mapping {unknown}
 t - 2 scrolls of amnesia {unknown}
 v - a scroll of summoning {unknown}
 x - a scroll of enchant weapon {unknown}
Potions
 d - a potion of might
 j - 3 potions of haste {unknown}
 o - 3 potions of curing
 w - a potion of cancellation {unknown}
 B - a potion of mutation {unknown}
 C - 3 potions of lignification {unknown}
 D - a potion of ambrosia {unknown}


   Skills:
 + Level 7.0 Fighting
 + Level 6.6 Maces & Flails
 + Level 7.0 Armour
 + Level 7.0 Shields


You had 8 spell levels left.
You didn't know any spells.
Your spell library contained the following spells:

 Spells                   Type           Power      Damage    Failure   Level
 Kiss of Death            Conj/Necr      0%         2d5       100%        1
 Sublimation of Blood     Necr           0%         N/A       100%        2
 Wereblood                Tmut           0%         N/A       100%        2
 Confusing Touch          Hex            0%         N/A       100%        3
 Inner Flame              Hex/Fire       0%         N/A       100%        3
 Dispel Undead            Necr           0%         3d6       100%        4
 Flame Wave               Conj/Fire      0%         2d4       100%        4
 Sticky Flame             Conj/Fire      0%         2d3       100%        4
 Summon Hydra             Summ           Unusable   N/A       N/A         7

Dungeon Overview and Level Annotations

Branches:
Dungeon (7/15)             Temple (1/1) D:4

Altars:
Ashenzari
Elyvilon
Kikubaaqudgha
Makhleb
Nemelex Xobeh
Okawaru
Trog
Uskayaw
Vehumet
Yredelemnul
Zin
The Shining One

Shops:
D:4 *

Annotations:
D:7 Maggie


Message History

Maggie burns you.
You completely miss Maggie.
Maggie is lightly wounded.
You block the two-headed ogre's attack. The two-headed ogre barely misses you.
You block Maggie's attack.
You barely miss Maggie.
Maggie is lightly wounded.
You block Maggie's attack.
The two-headed ogre hits you with a +0 giant spiked club!
The two-headed ogre hits you with a +0 giant club.
Okay, then.
You feel very mighty all of a sudden. Maggie barely misses you.
You sock the two-headed ogre!
The two-headed ogre is lightly wounded.
The two-headed ogre hits you with a +0 giant spiked club!
The two-headed ogre hits you with a +0 giant club!
Maggie barely misses you.
Maggie hits you with a +4 halberd of flaming!
* * * LOW HITPOINT WARNING * * *
Maggie burns you.
* * * LOW HITPOINT WARNING * * *
You bludgeon the two-headed ogre!!
The two-headed ogre is heavily wounded.
The two-headed ogre completely misses you.
You block the two-headed ogre's attack.
Maggie hits you with a +4 halberd of flaming.
* * * LOW HITPOINT WARNING * * *
Maggie burns you.
* * * LOW HITPOINT WARNING * * *
Unknown command.
You barely miss the two-headed ogre.
The two-headed ogre is heavily wounded.
Maggie hits you with a +4 halberd of flaming.
* * * LOW HITPOINT WARNING * * *
Maggie burns you.
* * * LOW HITPOINT WARNING * * *
The two-headed ogre barely misses you.
The two-headed ogre hits you with a +0 giant club!
You die...

## .# #. #..##.
##. #....
#..###... #.#....#
#.#...O# #.#....#
#.#<...###########
#........O@@.....#
####.#.####......#
#.#.### .......
#.....# ......#
###.#.# ......#
#.#.#########
#....# #..# ###.##
_..## #.# ...##


You could see Maggie (mesmerising) and a two-headed ogre.

Vanquished Creatures
  Prince Ribbit (D:5)
  2 water moccasins
  2 ice beasts
  A sky beast (D:4)
  A black bear (D:3)
  An orc warrior (D:5)
  A centaur (D:5)
  An ogre (D:5)
  A phantom (D:5)
  A kobold brigand (D:5)
  A bullfrog (D:5)
  4 scorpions
  4 wights
  2 howler monkeys (D:5)
  4 orc priests
  3 hounds
  3 jellies
  A gnoll bouda (D:6)
  4 iguanas
  6 orc wizards
  A hound skeleton (D:7)
  3 gnolls (D:6)
  5 adders
  A white imp (D:6)
  An ufetubus (D:4)
  A worm (D:2)
  38 orcs
  3 bats
  6 endoplasms
  6 giant cockroaches
  8 goblins
  5 hobgoblins
  7 jackals
  5 quokkas
  4 ball pythons
  8 frilled lizards
  12 kobolds
  2 rats (D:1)
160 creatures vanquished.

Vanquished Creatures (others)
  A plant (D:5)
1 creature vanquished.

Grand Total: 161 creatures vanquished

Notes
Turn   | Place    | Note
-------+----------+-------------------------------------------
     0 | D:1      | cforsyth the Human Fighter began the quest for the Orb.
     0 | D:1      | Reached XP level 1. HP: 18/18 MP: 1/1
    96 | D:1      | Reached XP level 2. HP: 19/24 MP: 2/2
   485 | D:1      | Reached XP level 3. HP: 29/29 MP: 3/3
   948 | D:2      | Reached XP level 4. HP: 35/35 MP: 4/4
  1651 | D:2      | Reached XP level 5. HP: 40/42 MP: 5/5
  1863 | D:3      | Noticed a black bear
  1879 | D:3      | Killed a black bear
  1880 | D:3      | Reached XP level 6. HP: 17/48 MP: 6/6
  2276 | D:3      | Found a radiant altar of Vehumet.
  2593 | D:3      | Found an ancient bone altar of Kikubaaqudgha.
  3057 | D:4      | Noticed a sky beast
  3068 | D:4      | Killed a sky beast
  3069 | D:4      | Reached XP level 7. HP: 44/55 MP: 7/7
  3299 | D:4      | Found Cujenwal's Elemental Accessories.
  3344 | D:4      | Found a white marble altar of Elyvilon.
  3485 | D:4      | Found a bloodstained altar of Trog.
  3683 | D:4      | Identified the +6 spear of a volcano {venom, rPois rF-
                  | Str+5 Int+3}
  3835 | D:4      | Reached skill level 5 in Armour
  3918 | D:4      | Found a staircase to the Ecumenical Temple.
  4158 | Temple   | Entered the Ecumenical Temple
  4207 | Temple   | Became a worshipper of Warmaster Okawaru
  4281 | D:5      | Entered Level 5 of the Dungeon
  4295 | D:5      | Reached skill level 5 in Shields
  4302 | D:5      | Reached skill level 5 in Fighting
  4302 | D:5      | Reached XP level 8. HP: 50/62 MP: 8/8
  4465 | D:5      | Found the +1 Delatra's gloves {ID++}
  4673 | D:5      | Reached * piety under Okawaru
  4674 | D:5      | Reached skill level 5 in Maces & Flails
  4956 | D:5      | Found a broken altar of Ashenzari.
  5003 | D:5      | Reached XP level 9. HP: 58/69 MP: 9/9
  5254 | D:5      | Found a glowing golden altar of the Shining One.
  5380 | D:5      | Noticed Prince Ribbit
  5404 | D:5      | Killed Prince Ribbit
  5404 | D:5      | Reached ** piety under Okawaru
  5918 | D:5      | HP: 2/63 [wight/+3 scimitar (3)]
  7262 | D:7      | Found a burning altar of Makhleb.
  7295 | D:7      | Noticed Maggie
  7297 | D:7      | Noticed a two-headed ogre
  7309 | D:7      | Slain by a two-headed ogre

Illustrated notes

Levels and vault maps discovered:
D:1:      lemuel_arrival_broad_hall, layout_basic, nicolae_figureground_pulse
D:2:      layout_basic, minmay_pentomino_pile
D:3:      layout_basic, vehumet_crystals, mainiacjoe_overflow_tiny_flanked,
          corexii_item_surrounded_by_moat
D:4:      layout_loops_ring, elyvilon_altar_1, nicolae_overflow_crystal_walls,
          temple_doors_ab, nicolae_elemental_shop,
          hangedman_abyss_or_decor_stabs, grunt_ministairs_5
D:5:      layout_basic, nicolae_ashenzari_panopticon, tso_oasis_becter,
          pf_guarded_unrand_delatra, uniq_prince_ribbit1
D:6:      layout_rooms
D:7:      layout_loops_cross, makhleb_blood_cavern_becter,
          mainiacjoe_overflow_brackets, gammafunk_temple_overflow_statue,
          serial_shops, nicolae_lakefront_shop, uniq_joseph, uniq_pikel,
          uniq_maggie
Temple:   hellmonk_temple_beads

Skill      XL: |  1  2  3  4  5  6  7  8  9 |
---------------+----------------------------+-----
Maces & Flails | 3 4 5 6 |  6.6
Fighting       | 4 5 6 7 |  7.0
Armour         | 4 5 6 7 |  7.0
Shields        | 4 5 6 7 |  7.0

Action                     |  1- 3 |  4- 6 |  7- 9 || total
---------------------------+-------+-------+-------++-------
  Melee: Flail             |    54 |       |       ||    54
         Mace              |    46 |   141 |   367 ||   554
    Use: Potion            |       |       |     2 ||     2
 Armour: Scale mail        |    59 |    15 |       ||    74
         Plate armour      |       |   118 |   258 ||   376
  Dodge: Dodged            |    48 |    51 |    97 ||   196
  Block: Buckler           |    23 |    43 |   102 ||   168

Table legend: (Time is in decaauts)
 A = Elapsed time spent in this place.
 B = Non-inter-level travel time spent in this place.
 C = Inter-level travel time spent in this place.
 D = Time resting spent in this place.
 E = Time spent auto-exploring this place.
 F = Levels seen in this place.
 G = Mean time per level.
                   A        B        C        D        E       F      G
               +--------+--------+--------+--------+--------+-----+--------+
         Total |   7460 |   7165 |    295 |   1170 |   4681 |   8 |  932.5 |
       Dungeon |   7371 |   7116 |    255 |   1170 |   4641 |   7 | 1053.0 |
        Temple |     88 |     49 |     39 |      0 |     40 |   1 |   88.0 |
               +--------+--------+--------+--------+--------+-----+--------+

Top non-repeatable levels by time:
     D:5: 2199 daAuts
     D:4: 1249 daAuts
     D:3: 1207 daAuts
     D:2: 1043 daAuts
     D:6: 800 daAuts
     D:1: 783 daAuts
  Temple: 88 daAuts
     D:7: 87 daAuts
